 Dungeon Crawl Stone Soup version 0.18.1-48-g4cf74bf (webtiles) character file.

189 RickumRackum the Magician (level 5, -9/31 HPs)
             Began as an Octopode Wizard on Aug 27, 2016.
             Was an Initiate of Sif Muna.
             Mangled by Sanvar's ghost (16 damage)
             ... on level 3 of the Dungeon.
             The game lasted 00:26:54 (2549 turns).

RickumRackum the Magician (Octopode Wizard)         Turns: 2549, Time: 00:26:54

Health: -9/31      AC:  1    Str:  6    XL:     5   Next: 68%
Magic:  2/10       EV: 12    Int: 21    God:    Sif Muna [......]
Gold:   196        SH:  0    Dex: 11    Spells: 3 memorised, 5 levels left

rFire  . . .     SeeInvis .     p - +2 whip (freeze)
rCold  + . .     Gourm    .     (no shield)
rNeg   . . .     Faith    .     a - +0 hat
rPois  .         Spirit   .     k - amulet of regeneration
rElec  .         Dismiss  .     (no ring)
rCorr  .         Reflect  .     (no ring)
SustAt .         Harm     .     (no ring)
MR     .....                    (no ring)
Stlth  +++.......               (no ring)
                                (no ring)
                                (no ring)
                                (no ring)

@: very slightly contaminated, not resistant to hostile enchantments, fairly
stealthy
A: almost no armour, amphibious, 8 rings, constrict 8, camouflage 1, cold
resistance 1, gelatinous body 1
a: Renounce Religion


You were on level 3 of the Dungeon.
You worshipped Sif Muna.
Sif Muna was noncommittal.
You were not hungry.

You visited 1 branch of the dungeon, and saw 3 of its levels.

You collected 196 gold pieces.

Inventory:

Hand Weapons
 m - a +1 short sword of speed
 p - a +2 whip of freezing (weapon)
 q - a +0 shortbow
 t - a +3 quarterstaff of chaos
Missiles
 d - 87 stones (quivered)
 u - 24 bolts
Armour
 a - a +0 hat (worn)
Jewellery
 h - an uncursed amulet of guardian spirit
 k - an amulet of regeneration (around mantle)
Wands
 i - a wand of flame (17/48)
 r - a wand of digging (13/24)
Scrolls
 e - 6 scrolls of remove curse
 g - 2 scrolls of identify
 l - a scroll of enchant weapon
 n - a scroll of teleportation {unknown}
Potions
 j - 2 potions of curing
 s - 2 potions of haste {unknown}
Books
 b - a book of Minor Magic

   Spells                             Type                      Level
   a - Magic Dart                     Conjuration                  1
   b - Blink                          Translocation                2
   c - Call Imp                       Summoning                    2
   d - Repel Missiles                 Charms/Air                   2
   e - Slow                           Hexes                        2
   f - Conjure Flame                  Conjuration/Fire             3
   g - Mephitic Cloud                 Conjuration/Poison/Air       3
Comestibles
 c - 4 bread rations
 f - 4 chunks of flesh
 o - a beef jerky
 w - 4 fruits


   Skills:
 - Level 2.0 Dodging
 - Level 2.6 Stealth
 + Level 3.7 Spellcasting
 + Level 2.7 Conjurations
 + Level 2.2 Summonings
   Level 1.0 Translocations
 * Level 2.3 Air Magic
 + Level 1.9 Poison Magic


You had 5 spell levels left.
You knew the following spells:

 Your Spells              Type           Power        Failure   Level  Hunger
a - Magic Dart            Conj           ###.         4%          1    None
b - Call Imp              Summ           ##......     10%         2    ##.....
c - Mephitic Cloud        Conj/Pois/Air  ##......     17%         3    ###....


Dungeon Overview and Level Annotations

Branches:
Dungeon (3/15)

Altars:
Dithmenos
Gozag
Sif Muna
Zin

Annotations:
D:3 Sanvar's ghost, amateur HuGl


Innate Abilities, Weirdness & Mutations

You cannot wear most types of armour.
You are amphibious.
You can wear up to eight rings at the same time.
You can use your tentacles to constrict eight enemies at once.
Your skin changes colour to match your surroundings (Stealth).
Your rubbery body absorbs attacks (AC +1).
Your flesh is cold resistant.


Message History

Your white imp gestures at Sanvar's ghost.
The puff of frost hits Sanvar's ghost.
Sanvar's ghost hits your white imp!
Your white imp dies!
Casting: Magic Dart
Confirm with . or Enter, or press ? or * to list all spells.
Aiming: Magic Dart
Press: ? - help, Shift-Dir - straight line, f - adder, p - Sanvar's ghost
Aim: an adder The magic dart hits the adder.
The adder is moderately wounded.
Sanvar's ghost turns its malevolent gaze towards you.
The adder misses you. The adder bites you.
* * * LOW HITPOINT WARNING * * *
Your crimson imp barely misses Sanvar's ghost.
The adder closely misses you. The adder closely misses you.
Sanvar's ghost hits you!
Ouch! That really hurt!
You die...

.# ...# ...###
###......
######@.....#
#....SW....##
#.....5.....##
#.............
#............#
#.............
#.............
#...........##
###########.#


You could see Sanvar's ghost, an adder and a friendly crimson imp.

Vanquished Creatures
  Crazy Yiuf (D:2)
  Natasha (thrice) (D:2)
  An adder (D:2)
  An ooze (D:1)
  A worm (D:2)
  A dart slug (D:1)
  3 giant cockroaches
  5 hobgoblins
  2 quokkas (D:2)
  6 bats
  2 giant newts (D:2)
  3 goblins (D:3)
  10 kobolds
  12 rats
51 creatures vanquished.

Vanquished Creatures (collateral kills)
  Terence (D:2)
  2 adders
  An ooze (D:1)
  A quokka (D:2)
  A giant newt (D:3)
6 creatures vanquished.

Grand Total: 57 creatures vanquished

Notes
Turn   | Place    | Note
--------------------------------------------------------------
     0 | D:1      | RickumRackum the Octopode Wizard began the quest for the Orb.
     0 | D:1      | Reached XP level 1. HP: 11/11 MP: 4/4
   272 | D:1      | Gained mutation: Your flesh is cold resistant. [potion of beneficial mutation]
   323 | D:1      | Reached XP level 2. HP: 17/17 MP: 0/6
   327 | D:1      | Learned a level 2 spell: Call Imp
   887 | D:1      | Reached XP level 3. HP: 21/21 MP: 0/7
   993 | D:1      | Learned a level 3 spell: Mephitic Cloud
  1159 | D:2      | Noticed Natasha
  1164 | D:2      | Killed Natasha
  1246 | D:2      | Reached skill level 1 in Poison Magic
  1246 | D:2      | Reached XP level 4. HP: 27/27 MP: 7/9
  1308 | D:2      | Noticed Terence
  1327 | D:2      | Killed Terence
  1327 | D:2      | Reached skill level 1 in Air Magic
  1543 | D:2      | Found a glowing silver altar of Zin.
  1543 | D:2      | Noticed an angel
  1732 | D:2      | Noticed Natasha
  1741 | D:2      | Killed Natasha
  1805 | D:2      | Noticed Natasha
  1815 | D:2      | Killed Natasha
  1815 | D:2      | Reached XP level 5. HP: 14/31 MP: 6/10
  1877 | D:2      | Noticed Crazy Yiuf
  1883 | D:2      | Paralysed by Crazy Yiuf for 2 turns
  1887 | D:2      | Killed Crazy Yiuf
  2093 | D:2      | Found an opulent altar of Gozag.
  2093 | D:2      | Found a shadowy altar of Dithmenos.
  2098 | D:2      | Found a deep blue altar of Sif Muna.
  2113 | D:2      | Became a worshipper of Sif Muna the Loreminder
  2274 | D:2      | Learned a level 1 spell: Magic Dart
  2525 | D:3      | Noticed Sanvar's ghost (amateur HuGl)
  2549 | D:3      | Mangled by Sanvar's ghost

Skill      XL: |  1  2  3  4 |
---------------+-------------+-----
Conjurations   | 2 |  2.7
Poison Magic   | 1 |  1.9
Air Magic      | 2 |  2.3
Summonings     | 2 |  2.2
Dodging        | |  2.0
Stealth        | |  2.6
Spellcasting   | |  3.7
Translocations | |  1.0

Action                   |  1- 3 |  4- 6 || total
-------------------------+-------+-------++-------
Melee: Whip              |    16 |    31 ||    47
       Tentacles         |     3 |     4 ||     7
       Constrict         |     5 |     8 ||    13
 Cast: Magic Dart        |    41 |    57 ||    98
       Call Imp          |     1 |    13 ||    14
  Use: Potion            |     5 |     2 ||     7
       Scroll            |     2 |     7 ||     9
 Stab: Sleeping          |     1 |     2 ||     3
  Eat: Chunk             |     1 |     6 ||     7
Armor: Skin              |       |     3 ||     3
Dodge: Dodged            |     9 |    15 ||    24
